 Dungeon Crawl Stone Soup version 0.20.0-14-g326068f (webtiles) character file.

368 Gorglomux the Sneak (level 7, -11/45 HPs)
             Began as a Halfling Air Elementalist on June 8, 2017.
             Was a Follower of Dithmenos.
             Mangled by an ice beast (13 damage)
             ... summoned by Fingolfin's ghost
             ... on level 3 of the Dungeon.
             The game lasted 00:25:11 (4399 turns).

Gorglomux the Sneak (Halfling Air Elementalist)     Turns: 4399, Time: 00:25:12

Health: -11/45     AC:  4    Str: 12 (14) XL:     7   Next: 1%
Magic:  3/9        EV: 17    Int: 11 (13) God:    Dithmenos [*.....]
Gold:   197        SH:  0    Dex: 16 (17) Spells: 5/9 levels left

rFire    . . .     SeeInvis +   B - +0 rapier
rCold    . . .     Gourm    .   (shield restricted)
rNeg     . . .     Faith    .   a - +0 robe
rPois    .         Spirit   .   z - +0 helmet
rElec    .         Reflect  .   (no cloak)
rCorr    .         Harm     .   i - +0 pair of gloves
MR       .....                  (no boots)
Stlth    +++.......             (no amulet)
Regen    0.2/turn               q - ring of wizardry
MPRegen  0.2/turn               s - ring of see invisible

@: mighty, about to teleport, berserk cooldown, slowed, wreathed by umbra, very
slow
A: mutation resistance 1
a: Renounce Religion


You were on level 3 of the Dungeon.
You worshipped Dithmenos.
Dithmenos was aware of your devotion.
You were hungry.

You visited 1 branch of the dungeon, and saw 3 of its levels.

You collected 197 gold pieces.

Inventory:

Hand Weapons
 j - a +0 short sword
 B - a +0 rapier (weapon)
Missiles
 f - 148 stones (quivered)
 y - 37 sling bullets
Armour
 a - a +0 robe (worn)
 i - a +0 pair of gloves (worn)
 z - a +0 helmet (worn)
Jewellery
 q - a ring of wizardry (left hand)
 s - a ring of see invisible (right hand)
Scrolls
 h - a scroll of enchant armour {unknown}
 n - a scroll of magic mapping {unknown}
 p - a scroll of identify {unknown}
 u - a scroll of remove curse {unknown}
 D - a scroll of recharging {unknown}
 E - a scroll of enchant weapon {unknown}
 F - a scroll of fog {unknown}
 G - a scroll of immolation {unknown}
Books
 b - a book of Air

   Spells                             Type                      Level
   a - Shock                          Conjuration/Air              1
   b - Swiftness                      Charms/Air                   2
   c - Static Discharge               Conjuration/Air              3
   d - Airstrike                      Air                          4
   e - Lightning Bolt                 Conjuration/Air              5
 t - a book of Misfortune

   Spells                             Type                      Level
   a - Confusing Touch                Hexes                        1
   b - Confuse                        Hexes                        3
   c - Gell's Gravitas                Translocation                3
   d - Petrify                        Transmutation/Earth          4
   e - Metabolic Englaciation         Hexes/Ice                    5
   f - Yara's Violent Unravelling     Hexes/Transmutation          5
Comestibles
 c - 2 bread rations
 m - 5 fruits


   Skills:
 + Level 2.8 Fighting
 + Level 2.4 Short Blades
 + Level 4.4 Dodging
 + Level 4.9 Stealth
 - Level 1.5 Spellcasting
 - Level 0.7 Conjurations
 - Level 3.0 Air Magic


You had 5 spell levels left.
You knew the following spells:

 Your Spells              Type           Power        Failure   Level  Hunger
a - Shock                 Conj/Air       #...         6%          1    ##.....
b - Static Discharge      Conj/Air       #.......     16%         3    ####...


Dungeon Overview and Level Annotations

Branches:
Dungeon (3/15)

Altars:
Dithmenos
Makhleb

Annotations:
D:3 Fingolfin's ghost, amateur DESu


Innate Abilities, Weirdness & Mutations

You are small and have problems with some larger weapons.
You are somewhat resistant to further mutation.


Message History

* * * LOW HITPOINT WARNING * * *
The ice beast freezes you!
* * * LOW HITPOINT WARNING * * *
Unknown command.
Things that are here:
a chain mail; a flail You feel a strong urge to attack something.
You are no longer berserk.
You are exhausted.
You feel yourself slow down.
It was a potion of might.
You feel very mighty all of a sudden.
Fingolfin's ghost mumbles some strange words.
The ice beast hits you but does no damage.
As you read the scroll labeled TEDAOF JOF, it crumbles to dust.
You feel strangely unstable.
It was a scroll of teleportation.
The ice beast hits you.
* * * LOW HITPOINT WARNING * * *
The ice beast freezes you!
You die...

#....W.....# ##.......
♣♣##..r.Y######## ##....##. ♣
♣♣....###........#####..#.##..
♣♣♣♣......#########..........#..#
g.♣.......Ybb..Wr########.##.#...
♣♣.♣....########[## #.##.##..
♣♣♣♣♣### #.W# ##.##..###
##########Y######..##.....
########........@............####
........########.................
##...............................
.##.[....##############..#.).....
.##...#........######...##.####..
.########..###.....##.####.######
.# ##.# #####............... .###
#.########...########### ...#
#...........## ##....)..


You could see an ice beast and Fingolfin's ghost.

Vanquished Creatures
  A phantom (D:2)
  A howler monkey (D:3)
  A crimson imp (D:3)
  Crazy Yiuf (D:3)
  Terence (D:3)
  Robin (D:2)
  3 adders (D:3)
  An ooze (D:2)
  2 worms
  3 leopard geckos (D:3)
  4 orcs (D:3)
  3 ball pythons
  12 bats
  6 giant cockroaches
  16 goblins
  13 hobgoblins
  10 jackals
  7 kobolds
  2 frilled lizards
  A quokka zombie (D:3)
  4 rats
93 creatures vanquished.

Notes
Turn   | Place    | Note
-------+----------+-------------------------------------------
     0 | D:1      | Gorglomux the Halfling Air Elementalist began the quest for the Orb.
     0 | D:1      | Reached XP level 1. HP: 11/11 MP: 3/3
   496 | D:1      | Reached XP level 2. HP: 18/18 MP: 0/4
   814 | D:1      | Reached XP level 3. HP: 9/22 MP: 0/5
   835 | D:1      | Reached skill level 1 in Fighting
   973 | D:1      | Reached skill level 3 in Stealth
  1652 | D:2      | Reached skill level 3 in Dodging
  1657 | D:2      | Learned a level 3 spell: Static Discharge
  2186 | D:2      | Found a shadowy altar of Dithmenos.
  2218 | D:2      | Reached XP level 4. HP: 28/28 MP: 4/6
  2239 | D:2      | Became a worshipper of Dithmenos the Shadowed
  2595 | D:3      | Noticed Robin
  2994 | D:2      | Killed Robin
  3143 | D:3      | Reached * piety under Dithmenos
  3143 | D:3      | Reached XP level 5. HP: 31/34 MP: 1/7
  3307 | D:3      | Noticed Terence
  3316 | D:3      | Killed Terence
  3329 | D:3      | Noticed Fingolfin's ghost (amateur DESu)
  3406 | D:3      | Found a runed door.
  3442 | D:3      | Noticed an ice beast
  3444 | D:3      | Noticed an ice beast
  3458 | D:3      | Noticed an ice beast
  3522 | D:2      | Noticed a phantom
  3622 | D:2      | Killed a phantom
  3622 | D:2      | Reached skill level 1 in Short Blades
  3622 | D:2      | Reached XP level 6. HP: 22/41 MP: 2/8
  4173 | D:3      | Found a burning altar of Makhleb.
  4348 | D:3      | Noticed Crazy Yiuf
  4367 | D:3      | Noticed an ice beast
  4369 | D:3      | Killed Crazy Yiuf
  4369 | D:3      | Reached XP level 7. HP: 11/45 MP: 0/9
  4399 | D:3      | HP: 2/45 [ice beast[Fingolfin's ghost] (3)]
  4399 | D:3      | Mangled by an ice beast

Skill      XL: |  1  2  3  4  5  6 |
---------------+-------------------+-----
Fighting       | 1 2 |  2.8
Stealth        | 3 4 |  4.9
Dodging        | 3 4 |  4.4
Short Blades   | 1 2 |  2.4
Spellcasting   | |  1.5
Conjurations   | |  0.7
Air Magic      | |  3.0

Action                   |  1- 3 |  4- 6 |  7- 9 || total
-------------------------+-------+-------+-------++-------
Melee: Unarmed           |    11 |       |       ||    11
       Short sword       |    33 |    54 |       ||    87
       Rapier            |       |   121 |    11 ||   132
Throw: Stone             |       |    15 |       ||    15
 Cast: Shock             |    60 |   104 |     2 ||   166
       Static Discharge  |       |     2 |       ||     2
  Use: Potion            |       |     2 |     3 ||     5
       Scroll            |       |       |     1 ||     1
 Stab: Sleeping          |     1 |     3 |       ||     4
       Distracted        |       |     1 |       ||     1
  Eat: Chunk             |     6 |    10 |       ||    16
Armor: Robe              |    16 |    29 |     7 ||    52
Dodge: Dodged            |    81 |   242 |    28 ||   351
